 Dungeon Crawl Stone Soup version 0.27-a0-1144-g0b7d3b79db (webtiles) character file.

Game seed: 4696319929855051157

396 jien the Covered (level 6, 0/39 HPs)
             Began as a Gargoyle Fighter on May 10, 2021.
             Killed by divine providence
             ... invoked by an orc priest
              (10 damage)
             ... on level 5 of the Dungeon.
             The game lasted 00:04:30 (3459 turns).

jien the Covered (Gargoyle Fighter)                 Turns: 3459, Time: 00:04:30

Health: 0/39       AC: 16    Str: 21    XL:     6   Next: 83%
Magic:  6/6        EV:  4    Int:  9    God:
Gold:   185        SH:  9    Dex:  9    Spells: 5/5 levels left

rFire    . . .     SeeInvis .   a - +0 war axe
rCold    . . .     Faith    .   c - +0 kite shield
rNeg     + . .     Spirit   .   g - +0 plate armour
rPois    ∞         Reflect  .   (no helmet)
rElec    +         Harm     .   (no cloak)
rCorr    .         Rampage  .   (no gloves)
Will     .....                  (no boots)
Stlth    ..........             (no amulet)
HPRegen  0.13/turn              (no ring)
MPRegen  0.10/turn              (no ring)

@: no status effects
A: sickness immunity, AC +4, negative energy resistance 1, electricity
resistance, torment resistance 1, petrification resistance
a: no special abilities


You were on level 5 of the Dungeon.
You visited 1 branch of the dungeon, and saw 5 of its levels.

You collected 185 gold pieces.

Inventory:

Hand Weapons
 a - a +0 war axe (weapon)
Missiles
 f - 2 javelins (quivered)
 i - 2 atropa-tipped darts
 k - a throwing net
Armour
 c - a +0 kite shield (worn)
 g - a +0 plate armour (worn)
Wands
 v - a wand of acid (12)
 w - a wand of digging (3)
Scrolls
 q - a scroll of fog
 r - a scroll of teleportation {unknown}
 s - a scroll of silence {unknown}
 t - a scroll of torment {unknown}
 u - a scroll of acquirement {unknown}
Potions
 b - 2 potions of curing {unknown}
 d - a potion of might
 h - 2 potions of lignification {unknown}
 l - a potion of mutation {unknown}
 m - a potion of flight {unknown}
 o - 2 potions of attraction {unknown}
 p - a potion of degeneration {unknown}


   Skills:
 + Level 4.6 Fighting
 * Level 4.2 Axes
 + Level 4.7 Armour
 + Level 4.6 Shields


You had 5 spell levels left.
You didn't know any spells.
Your spell library was empty.

Dungeon Overview and Level Annotations

Branches:
Dungeon (5/15)
 Temple: D:4-7

Altars:
Zin

Shops:
D:2 (

Annotations:
D:3 2 transporters


Innate Abilities, Weirdness & Mutations

You are immune to sickness and miasma.
Your stone body is resilient. (AC +4)
You are immune to poison.
You resist negative energy. (rN+)
You are resistant to electric shocks. (rElec)
You are resistant to unholy torment.
You are immune to petrification.


Message History

An orc comes into view. It is wielding a +0 trident.
There is a stone staircase leading down here.
The orc shouts!
The orc priest mumbles some strange prayers to Beogh against you.
Beogh smites you!
Your plate armour prevents you from hitting the orc priest.
You hit the orc.
The orc priest hits you but does no damage.
You block the orc's attack.
The orc wizard casts a spell at itself.
The orc wizard flickers and vanishes!
Deactivating autopickup; reactivate with Ctrl-A.
The orc priest hits you with a +0 dagger.
You barely miss the orc wizard. You slash the orc priest!
The orc priest calls down the wrath of Beogh upon you.
You barely resist. You closely miss the orc.
The orc is almost dead.
You slash the orc priest!
You kill the orc priest!
You closely miss the orc wizard.
The orc wizard hits you with a +2 dagger of venom.
You block the orc's attack.
The orc wizard hits you but does no damage.
The orc priest calls down the wrath of Beogh upon you.
Beogh smites you!
* * * LOW HITPOINT WARNING * * *
You are too injured to fight recklessly!
You are too injured to fight recklessly!
You are too injured to fight recklessly!
Unknown command.
You are too injured to fight recklessly!
Unknown command.
You are too injured to fight recklessly!
There is a stone staircase leading down here.
The orc priest looks satisfied for a moment.
You block the orc's attack.
The orc priest calls down the wrath of Beogh upon you.
Beogh smites you!
You die...

#......o....#####.#........
##...###o#................#.
#... #.oooo#.#####.....##.#.
#....#.#.#.#..........<.....
.....+#.o........#..........
#......#...##...#.........#.
.####..#..##..#.......#....
####...o#....#........#....
.........#@.#.........#####
#......##..##..##...#...
#.###..##..##..##...#.## #
#.....#..#......#
#....#....#...#.#
#....#..##..#..#.#
###.#...##...#.#.#
..#..........##.########
##......####.###.........


You could see 2 orc priests, an orc wizard and 3 orcs.

Vanquished Creatures
  A scorpion (D:4)
  A vampire bat (D:4)
  A centaur zombie (D:5)
  A jelly (D:4)
  An orc priest (D:5)
  A bullfrog skeleton (D:5)
  11 adders
  An adder skeleton (D:4)
  A worm (D:3)
  3 orcs (D:5)
  10 bats
  11 endoplasms
  2 giant cockroaches
  8 goblins
  5 hobgoblins
  6 jackals
  2 quokkas
  3 ball pythons
  4 frilled lizards
  3 kobolds
  5 rats
81 creatures vanquished.

Notes
Turn   | Place    | Note
-------+----------+-------------------------------------------
     0 | D:1      | jien the Gargoyle Fighter began the quest for the Orb.
     0 | D:1      | Reached XP level 1. HP: 14/14 MP: 1/1
    38 | D:1      | Reached XP level 2. HP: 18/19 MP: 2/2
   416 | D:1      | Reached XP level 3. HP: 23/23 MP: 3/3
  1101 | D:2      | Found Ydotuyto's Weapon Shoppe.
  1147 | D:2      | Reached XP level 4. HP: 26/29 MP: 4/4
  1574 | D:2      | Found a faded altar of an unknown god.
  2021 | D:3      | Reached XP level 5. HP: 33/33 MP: 5/5
  2105 | D:3      | Noticed a kobold demonologist
  2108 | D:3      | Found a transporter.
  2114 | D:3      | Found a transporter.
  2518 | D:4      | Reached XP level 6. HP: 24/39 MP: 6/6
  3208 | D:5      | Entered Level 5 of the Dungeon
  3326 | D:5      | Found a glowing silver altar of Zin.
  3459 | D:5      | Killed from afar by an orc priest

Illustrated notes

Levels and vault maps discovered:
D:1:      dpeg_arrival_central, layout_basic
D:2:      layout_basic, ebering_ecumenical_altar_rust, serial_shops,
          nicolae_shop_statue_plus, lemuel_another_geyser
D:3:      gammafunk_wand_slinger, layout_rooms, wad_floor_pattern_1
D:4:      layout_basic, roderic_batcave
D:5:      layout_basic, marbit_many_paths, vehumet_statue,
          kennysheep_pointless_box, minivault_26, guppyfry_early_orc_mine,
          uniq_pikel

Skill      XL: |  1  2  3  4  5  6 |
---------------+-------------------+-----
Axes           | 2 3 4 |  4.2
Armour         | 4 |  4.7
Fighting       | 4 |  4.6
Shields        | 4 |  4.6

Action                   |  1- 3 |  4- 6 || total
-------------------------+-------+-------++-------
Melee: War axe           |    91 |   232 ||   323
  Use: Scroll            |       |     3 ||     3
Armor: Scale mail        |    17 |       ||    17
       Plate armour      |    52 |   216 ||   268
Dodge: Dodged            |    21 |    41 ||    62
Block: Kite shield       |    62 |   146 ||   208

Table legend: (Time is in decaauts)
 A = Elapsed time spent in this place.
 B = Non-inter-level travel time spent in this place.
 C = Inter-level travel time spent in this place.
 D = Time resting spent in this place.
 E = Time spent auto-exploring this place.
 F = Levels seen in this place.
 G = Mean time per level.
                   A        B        C        D        E       F      G
               +--------+--------+--------+--------+--------+-----+--------+
         Total |   3641 |   3536 |    105 |      0 |   2788 |   5 |  728.2 |
       Dungeon |   3641 |   3536 |    105 |      0 |   2788 |   5 |  728.2 |
               +--------+--------+--------+--------+--------+-----+--------+

Top non-repeatable levels by time:
     D:2: 1127 daAuts
     D:1: 925 daAuts
     D:4: 905 daAuts
     D:3: 399 daAuts
     D:5: 283 daAuts
